SL
HOUSTON 1837 BBC @ NORTHERN VIRGINIA RETRIEVERS
08/13/2022
 
TOP OF THE 1ST
Houston 1837 BBC batting - Pitching for Northern Virginia Retrievers : RHP Henry Hall
Pitching: RHP Henry Hall
Batting: LHB José Marín 0-0: Called Strike
0-1: Ground out U3 (Groundball, 3)
Batting: LHB Chris Rice 0-0: SINGLE (Line Drive, 34)
Batting: RHB Bob Dickerson 0-0: Ball
1-0: Ball
2-0: Fielders Choice at 2nd, 6-4 (Groundball, 6)
Now at 2B: Matt Brown
Batting: LHB Mark McClear 0-0: SINGLE (Groundball, 5D)
Bob Dickerson to second
Batting: RHB Kumanosuke Abe 0-0: Called Strike
0-1: SINGLE (Line Drive, 4D)
Bob Dickerson to third
Mark McClear to second
Runner from 3rd tries for Home, SAFE, no throw or cutoff
Batting: LHB Mike Hanson 0-0: Called Strike
0-1: Ball
1-1: Foul Ball, location: 2F
1-2: Ball
2-2: SINGLE (Line Drive, 89M)
Mark McClear to third
Kumanosuke Abe to second
Runner from 3rd tries for Home, SAFE, no throw or cutoff
Batting: RHB Eric Randolph 0-0: Foul Ball, location: 2F
0-1: Called Strike
0-2: Ball
1-2: Ball
2-2: Ground out 4-3 (Groundball, 4)
Top of the 1st over - 2 run(s), 4 hit(s), 0 error(s), 2 left on base; Houston 2 - Northern Virginia 0
BOTTOM OF THE 1ST
Northern Virginia Retrievers batting - Pitching for Houston 1837 BBC : RHP Gary Bailey
Pitching: RHP Gary Bailey
Batting: LHB Wayne Akers 0-0: Called Strike
0-1: Fly out, F1 (Line Drive, 13)
Batting: RHB Bob Heller 0-0: Ball
1-0: Foul Ball, location: 2F
1-1: Foul Ball, location: 2F
1-2: Strikes out swinging
Batting: SHB Ramiro Salazar 0-0: Called Strike
0-1: Swinging Strike
0-2: Ball
1-2: Ball
2-2: Ball
3-2: Base on Balls
Batting: LHB Keith Bridges 0-0: 2-RUN HOME RUN (Flyball, 89XD), Distance : 416 ft
Batting: LHB Bartolo Benítez 0-0: Reached on error, E5 (Groundball, 56)
Batting: RHB Matt Brown 0-0: Called Strike
0-1: SINGLE (Groundball, 6) (infield hit)
Bartolo Benítez to third
Batting: LHB Marlon Randall 0-0: Called Strike
0-1: Foul Ball, location: 2F
0-2: Ball
1-2: Ball
2-2: Ball
Wild Pitch!
Bartolo Benítez scores
Matt Brown to second
3-2: Foul Ball, location: 2F
3-2: Foul Ball, location: 2F
3-2: Base on Balls
Batting: RHB Eddie O'Bryan 0-0: Foul Ball, location: 2F
0-1: Ball
1-1: Foul Ball, location: 2F
1-2: Strikes out swinging
Bottom of the 1st over - 3 run(s), 2 hit(s), 1 error(s), 2 left on base; Houston 2 - Northern Virginia 3
TOP OF THE 2ND
Houston 1837 BBC batting - Pitching for Northern Virginia Retrievers : RHP Henry Hall
Batting: RHB Tracy Parker 0-0: Called Strike
0-1: Ball
1-1: Swinging Strike
1-2: Ball
2-2: Ball
3-2: Strikes out swinging
Batting: LHB Jack Robbins 0-0: Ball
1-0: Foul Ball, location: 2F
1-1: Ball
2-1: Ball
3-1: Foul Ball, location: 2F
3-2: Ground out 6-3 (Groundball, 6)
Batting: LHB José Marín 0-0: Foul Ball, location: 2F
0-1: Ball
1-1: Ball
2-1: Swinging Strike
2-2: Strikes out looking
Top of the 2nd over - 0 run(s), 0 hit(s), 0 error(s), 0 left on base; Houston 2 - Northern Virginia 3
BOTTOM OF THE 2ND
Northern Virginia Retrievers batting - Pitching for Houston 1837 BBC : RHP Gary Bailey
Batting: LHB Rick Watson Reached via error on a dropped throw, E1
Batting: LHB Wayne Akers 0-0: Called Strike
0-1: Ball
1-1: Ball
2-1: SINGLE (Flyball, 8LS)
Rick Watson to second
Batting: RHB Bob Heller 0-0: Ball
1-0: Swinging Strike
1-1: Grounds into double play, 6-4-3 (Groundball, 6)
Rick Watson to third
Batting: SHB Ramiro Salazar 0-0: Foul Ball, location: 2F
0-1: Swinging Strike
0-2: Ball
1-2: Ground out 6-3 (Groundball, 6M)
Bottom of the 2nd over - 0 run(s), 1 hit(s), 1 error(s), 1 left on base; Houston 2 - Northern Virginia 3
TOP OF THE 3RD
Houston 1837 BBC batting - Pitching for Northern Virginia Retrievers : RHP Henry Hall
Batting: LHB Chris Rice 0-0: Swinging Strike
0-1: Foul Ball, location: 2F
0-2: SINGLE (Line Drive, 56D)
Batting: RHB Bob Dickerson 0-0: Called Strike
0-1: Ball
1-1: Foul Ball, location: 2F
1-2: Ball
2-2: Foul Ball, location: 2F
2-2: Ball
3-2: Ground out 4-3 (Groundball, 4M)
Chris Rice to second
Batting: LHB Mark McClear 0-0: Ground out 3-1 (Groundball, 34)
Chris Rice to third
Batting: RHB Kumanosuke Abe 0-0: Ball
1-0: Ball
2-0: Ball
3-0: Called Strike
3-1: Base on Balls
Batting: LHB Mike Hanson 0-0: Swinging Strike
0-1: Ball
1-1: Ball
2-1: Foul Ball, location: 2F
2-2: Fly out, F6 (Popup, 4M)
Top of the 3rd over - 0 run(s), 1 hit(s), 0 error(s), 2 left on base; Houston 2 - Northern Virginia 3
BOTTOM OF THE 3RD
Northern Virginia Retrievers batting - Pitching for Houston 1837 BBC : RHP Gary Bailey
Batting: LHB Keith Bridges 0-0: Called Strike
0-1: Ball
1-1: DOUBLE (Line Drive, 5D)
Batting: LHB Bartolo Benítez 0-0: Called Strike
0-1: Ball
1-1: Swinging Strike
1-2: Ball
2-2: Strikes out swinging
Batting: RHB Matt Brown 0-0: Called Strike
0-1: Called Strike
0-2: Strikes out swinging
Batting: LHB Marlon Randall 0-0: Ball
1-0: Called Strike
1-1: Called Strike
1-2: Foul Ball, location: 2F
1-2: SINGLE (Line Drive, 56)
Keith Bridges to third
Batting: RHB Eddie O'Bryan 0-0: Ball
1-0: Fly out, F9 (Flyball, 9LS)
Bottom of the 3rd over - 0 run(s), 2 hit(s), 0 error(s), 2 left on base; Houston 2 - Northern Virginia 3
TOP OF THE 4TH
Houston 1837 BBC batting - Pitching for Northern Virginia Retrievers : RHP Henry Hall
Batting: RHB Eric Randolph 0-0: Ball
1-0: Called Strike
1-1: Called Strike
1-2: Foul Ball, location: 2F
1-2: Foul Ball, location: 2F
1-2: Foul Ball, location: 2F
1-2: Foul Ball, location: 2F
1-2: Ball
2-2: Ball
3-2: Ground out 5-3 (Groundball, 56S)
Batting: RHB Tracy Parker 0-0: Ground out 5-3 (Groundball, 56S)
Batting: LHB Jack Robbins 0-0: Ball
1-0: SINGLE (Groundball, 4MD)
Batting: LHB José Marín 0-0: 2-RUN HOME RUN (Flyball, 9D), Distance : 392 ft
Batting: LHB Chris Rice 0-0: Fly out, F9 (Line Drive, 9D)
Top of the 4th over - 2 run(s), 2 hit(s), 0 error(s), 0 left on base; Houston 4 - Northern Virginia 3
BOTTOM OF THE 4TH
Northern Virginia Retrievers batting - Pitching for Houston 1837 BBC : RHP Gary Bailey
Batting: LHB Rick Watson 0-0: Ball
1-0: Reached on error, E3 (Groundball, 3L)
Batting: LHB Wayne Akers 0-0: Swinging Strike
0-1: Ball
1-1: Called Strike
1-2: Strikes out swinging
Batting: RHB Bob Heller 0-0: Ball
1-0: Fielders Choice at 2nd, 6-4 (Groundball, 6M)
Batting: SHB Ramiro Salazar 0-0: Ball
Bob Heller is caught stealing 2nd base
Bottom of the 4th over - 0 run(s), 0 hit(s), 1 error(s), 0 left on base; Houston 4 - Northern Virginia 3
TOP OF THE 5TH
Houston 1837 BBC batting - Pitching for Northern Virginia Retrievers : RHP Henry Hall
Batting: RHB Bob Dickerson 0-0: Called Strike
0-1: Ball
1-1: Ball
2-1: Swinging Strike
2-2: Foul Ball, location: 2F
2-2: Ground out 6-3 (Groundball, 6S)
Batting: LHB Mark McClear 0-0: Ball
1-0: Ball
2-0: Ball
3-0: Base on Balls
Batting: RHB Kumanosuke Abe 0-0: Ball
1-0: Foul Ball, location: 2F
1-1: Ball
2-1: Fielders Choice at 2nd, 1-6 (Groundball, 23)
Batting: LHB Mike Hanson 0-0: Fielders Choice at 2nd, U4 (Groundball, 4M)
Top of the 5th over - 0 run(s), 0 hit(s), 0 error(s), 1 left on base; Houston 4 - Northern Virginia 3
BOTTOM OF THE 5TH
Northern Virginia Retrievers batting - Pitching for Houston 1837 BBC : RHP Gary Bailey
Batting: SHB Ramiro Salazar 0-0: Ball
1-0: SINGLE (Line Drive, 56)
Batting: LHB Keith Bridges 0-0: Foul Ball, location: 2F
0-1: Called Strike
0-2: Strikes out swinging
Batting: LHB Bartolo Benítez 0-0: Called Strike
0-1: Called Strike
Ramiro Salazar is caught stealing 2nd base
0-2: Ball
1-2: Ground out 4-3 (Groundball, 4)
Bottom of the 5th over - 0 run(s), 1 hit(s), 0 error(s), 0 left on base; Houston 4 - Northern Virginia 3
TOP OF THE 6TH
Houston 1837 BBC batting - Pitching for Northern Virginia Retrievers : RHP Henry Hall
Batting: RHB Eric Randolph 0-0: Swinging Strike
0-1: Foul Ball, location: 2F
0-2: Strikes out looking
Batting: RHB Tracy Parker 0-0: Ball
1-0: Fly out, F9 (Flyball, 89S)
Batting: LHB Jack Robbins 0-0: Ball
1-0: Ball
2-0: Fly out, F8 (Flyball, 8LXD)
Top of the 6th over - 0 run(s), 0 hit(s), 0 error(s), 0 left on base; Houston 4 - Northern Virginia 3
BOTTOM OF THE 6TH
Northern Virginia Retrievers batting - Pitching for Houston 1837 BBC : RHP Gary Bailey
Batting: RHB Matt Brown 0-0: Ball
1-0: Ball
2-0: Foul Ball, location: 2F
2-1: Fly out, F8 (Flyball, 8RD)
Batting: LHB Marlon Randall 0-0: Ball
1-0: Fly out, F5 (Popup, 5S)
Batting: RHB Eddie O'Bryan 0-0: Foul Ball, location: 2F
0-1: Ball
1-1: Ball
2-1: Foul Ball, location: 2F
2-2: Ball
3-2: Strikes out swinging
Bottom of the 6th over - 0 run(s), 0 hit(s), 0 error(s), 0 left on base; Houston 4 - Northern Virginia 3
TOP OF THE 7TH
Houston 1837 BBC batting - Pitching for Northern Virginia Retrievers : RHP Henry Hall
Pitching: LHP Stanley Harris
Batting: LHB José Marín 0-0: Called Strike
0-1: Ball
1-1: Foul Ball, location: 2F
1-2: Foul Ball, location: 2F
1-2: Ball
2-2: Foul Ball, location: 2F
2-2: Foul Ball, location: 2F
2-2: Foul Ball, location: 2F
2-2: Fly out, F9 (Line Drive, 9M)
Pitching: LHP Joe Kehoe
Batting: LHB Chris Rice 0-0: Foul Ball, location: 2F
0-1: Foul Ball, location: 2F
0-2: Ground out 1-3 (Groundball, 13)
Batting: RHB Bob Dickerson 0-0: Ball
1-0: Called Strike
1-1: Ground out 4-3 (Groundball, 4)
Top of the 7th over - 0 run(s), 0 hit(s), 0 error(s), 0 left on base; Houston 4 - Northern Virginia 3
BOTTOM OF THE 7TH
Northern Virginia Retrievers batting - Pitching for Houston 1837 BBC : RHP Gary Bailey
Batting: LHB Rick Watson 0-0: Ball
1-0: Ball
2-0: Called Strike
2-1: Ball
3-1: Swinging Strike
3-2: Strikes out swinging
Batting: LHB Wayne Akers 0-0: SINGLE (Groundball, 34D)
Batting: RHB Bob Heller 0-0: Called Strike
0-1: Foul Ball, location: 2F
0-2: Grounds into double play, 6-4-3 (Groundball, 6M)
Bottom of the 7th over - 0 run(s), 1 hit(s), 0 error(s), 0 left on base; Houston 4 - Northern Virginia 3
TOP OF THE 8TH
Houston 1837 BBC batting - Pitching for Northern Virginia Retrievers : LHP Joe Kehoe
Batting: LHB Mark McClear 0-0: Ball
1-0: Called Strike
1-1: Foul Ball, location: 2F
1-2: Ground out 6-3 (Groundball, 6)
Batting: RHB Kumanosuke Abe 0-0: Ball
1-0: Foul Ball, location: 2F
1-1: Ground out 6-3 (Groundball, 6)
Batting: LHB Mike Hanson 0-0: Called Strike
0-1: Ball
1-1: Ball
2-1: Ball
3-1: Swinging Strike
3-2: Ground out 5-3 (Groundball, 5)
Top of the 8th over - 0 run(s), 0 hit(s), 0 error(s), 0 left on base; Houston 4 - Northern Virginia 3
BOTTOM OF THE 8TH
Northern Virginia Retrievers batting - Pitching for Houston 1837 BBC : RHP Gary Bailey
Batting: SHB Ramiro Salazar 0-0: Ball
1-0: Called Strike
1-1: Ball
2-1: Foul Ball, location: 2F
2-2: Ball
3-2: Foul Ball, location: 2F
3-2: Ground out 4-3 (Groundball, 4M)
Batting: LHB Keith Bridges 0-0: Ball
1-0: Fly out, F7 (Flyball, 78M)
Batting: LHB Bartolo Benítez 0-0: Called Strike
0-1: Ball
1-1: Foul Ball, location: 2F
1-2: Foul Ball, location: 2F
1-2: Ball
2-2: SINGLE (Line Drive, 6D)
Pitching: RHP Toshiro Saikawa
Pinch Hitting: RHB Aurelio Vázquez 0-0: Ball
1-0: Ground out 5-3 (Groundball, 5)
Bottom of the 8th over - 0 run(s), 1 hit(s), 0 error(s), 1 left on base; Houston 4 - Northern Virginia 3
TOP OF THE 9TH
Houston 1837 BBC batting - Pitching for Northern Virginia Retrievers : LHP Joe Kehoe
Pitching: RHP Woody Cook
Now at 2B: Anrrique Bolo
Batting: RHB Eric Randolph 0-0: Swinging Strike
0-1: Ball
1-1: Swinging Strike
1-2: Ball
2-2: Strikes out looking
Batting: RHB Tracy Parker 0-0: Ground out 1-3 (Groundball, 3S)
Batting: LHB Jack Robbins 0-0: Ball
1-0: Foul Ball, location: 2F
1-1: Ball
2-1: Ground out 4-3 (Groundball, 4)
Top of the 9th over - 0 run(s), 0 hit(s), 0 error(s), 0 left on base; Houston 4 - Northern Virginia 3
BOTTOM OF THE 9TH
Northern Virginia Retrievers batting - Pitching for Houston 1837 BBC : RHP Toshiro Saikawa
Pitching: RHP Travis Hall
Batting: LHB Marlon Randall 0-0: Called Strike
0-1: Ball
1-1: Ground out 1-3 (Groundball, 13)
Batting: RHB Eddie O'Bryan 0-0: Foul Ball, location: 2F
0-1: Ground out 6-3 (Groundball, 6M)
Batting: LHB Rick Watson 0-0: Ball
1-0: SINGLE (Line Drive, 8RS)
Batting: LHB Wayne Akers 0-0: Called Strike
0-1: Ball
1-1: Called Strike
1-2: Ball
2-2: SINGLE (Line Drive, 78S)
Rick Watson to second
Pinch Runner at 2nd Brandon Reed:
Batting: RHB Bob Heller 0-0: Ball
1-0: Foul Ball, location: 2F
1-1: Foul Ball, location: 2F
1-2: Ball
2-2: Fly out, F6 (Popup, 6M)
Bottom of the 9th over - 0 run(s), 2 hit(s), 0 error(s), 2 left on base; Houston 4 - Northern Virginia 3
This league is powered by Out of the Park Baseball, the baseball management simulation game for PC, Mac and Linux
Friday, April 15th, 2016 - OOTP Baseball 16.9 Build 39